[Event "GambitGuide"]
[Site "Internet Chess Club"]
[Date "2014.10.31"]
[Round "1"]
[White "JSBach"]
[Black "AlexECO"]
[Result "1/2-1/2"]
[ICCResult "Game drawn by the 50 move rule"]
[WhiteElo "1601"]
[BlackElo "2492"]
[Opening "Vienna: `Frankenstein-Dracula' variation"]
[ECO "C27"]
[NIC "VG.02"]
[Time "02:28:41"]
[TimeControl "120+12"]

1. e4 e5 2. Nc3 Nf6 3. Bc4 Nxe4 4. Qh5 Nd6 5. Bb3 Nc6 6. Nb5 g6 7. Qf3 f5 8.
Qd5 Qe7 9. Nxc7+ Kd8 10. Nxa8 b6 11. Ba4 Bb7 12. Nxb6 axb6 13. Qb3 Kc7 14.
Ne2 Qe6 15. Qxe6 dxe6 16. d3 Nd4 17. f3 b5 18. Nxd4 exd4 19. Bb3 Kd7 20. a4
Be7 21. a5 Ra8 22. Bd2 Bd8 23. Ke2 e5 24. Bb4 Bc7 25. Rhf1 Nc8 26. Kf2 Na7
27. Bd2 Nc6 28. Bd5 Kd6 29. Bxc6 Kxc6 30. h3 Ba6 31. Bb4 Re8 32. Rfe1 Kd5
33. Re2 Re6 34. Rh1 Re8 35. Rc1 Re6 36. Rg1 Re8 37. Rh1 Re6 38. Ra1 Re8 39.
Rae1 Re6 40. Bd2 Re8 41. h4 Rg8 42. g3 Rg7 43. Bh6 Rg8 44. Bd2 Rg7 45. Bh6
Rg8 46. Bd2 Rg7 47. Bb4 Rg8 48. Kg1 Rg7 49. Kf2 Rg8 50. Kf1 Rg7 51. Kg2 Rg8
52. Kf1 Rg7 53. Kf2 Rg8 54. Rd1 Rg7 55. Red2 Rg8 56. Kg2 Bb8 57. Re1 Ba7 58.
Be7 Re8 59. Bf6 Bb8 60. Rh1 Re6 61. Bg7 Re7 62. Bf6 Re6 63. Bd8 Rd6 64. Bg5
Re6 65. Re2 Re8 66. Bd2 Rg8 67. Rhe1 Rg7 68. Bb4 Rg8 69. Rf1 Rg7 70. Bf8 Rg8
71. Be7 Rg7 72. Bb4 Rg8 73. Rc1 Rg7 74. Kf2 Rg8 75. Rce1 Rg7 76. Kg2 Rg8 77.
Kf1 Rg7 78. Bf8 Rf7 79. Bb4 Bb7 80. Kf2 Rg7 81. Kg2 Rg8 82. Kf2 Rg7 83. Rf1
Rg8 84. Be7 Rg7 85. Bf8 Rf7 86. Bb4 Rg7 87. Bf8 Rf7 88. Ba3 Rg7 89. Bf8 Rf7
90. Bh6 Re7 91. Bg5 Re6 92. Ra1 Ba6 93. Rb1 Re8 94. Rc1 Bc7 95. Bd2 Re7 96.
Bg5 Re8 97. Bd2 Re7 98. Bb4 Re8 99. Rce1 Rg8 100. Rg1 Bb7 101. Rd1 Ba6 102.
Rde1 Bb7 103. Ra1 Ba6 104. Rd1 {Game drawn by the 50 move rule} 1/2-1/2

[Event "GambitGuide"]
[Site "Internet Chess Club"]
[Date "2014.10.31"]
[Round "1"]
[White "JSBach"]
[Black "tigerlee"]
[Result "1-0"]
[ICCResult "Black resigns"]
[WhiteElo "1601"]
[BlackElo "1701"]
[Opening "Vienna: `Frankenstein-Dracula' variation"]
[ECO "C27"]
[NIC "VG.02"]
[Time "02:33:33"]
[TimeControl "120+12"]

1. e4 e5 2. Nc3 Nf6 3. Bc4 Nxe4 4. Qh5 Nd6 5. Bb3 Nc6 6. Nb5 g6 7. Qf3 f5 8.
Qd5 Qe7 9. Nxc7+ Kd8 10. Nxa8 b6 11. Ba4 Bb7 12. Nxb6 axb6 13. Qb3 Kc7 14.
Ne2 Bg7 15. O-O e4 16. Re1 h5 17. Nf4 g5 18. Nd5+ {Black resigns} 1-0

[Event "GambitGuide"]
[Site "Internet Chess Club"]
[Date "2014.10.31"]
[Round "1"]
[White "JSBach"]
[Black "Paganini2"]
[Result "1-0"]
[ICCResult "Black resigns"]
[WhiteElo "1601"]
[BlackElo "1459"]
[Opening "Vienna: `Frankenstein-Dracula' variation"]
[ECO "C27"]
[NIC "VG.02"]
[Time "02:33:02"]
[TimeControl "120+12"]

1. e4 e5 2. Nc3 Nf6 3. Bc4 Nxe4 4. Qh5 Nd6 5. Bb3 Nc6 6. Nb5 g6 7. Qf3 f5 8.
Qd5 Qe7 9. Nxc7+ Kd8 10. Nxa8 b6 11. Ba4 Bb7 12. Nxb6 axb6 13. Qb3 Kc7 14.
Nf3 e4 15. Nd4 Nxd4 16. Qc3+ Nc6 17. Qxh8 Qg7 18. Qxg7 Bxg7 19. a3 b5 20.
Bb3 Na5 21. Bg8 h6 22. a4 bxa4 23. Rxa4 Kb6 24. b4 Nac4 25. Ra2 Nb5 26. Bxc4
{Black resigns}
1-0

[Event "GambitGuide"]
[Site "Internet Chess Club"]
[Date "2014.10.31"]
[Round "1"]
[White "JSBach"]
[Black "tigerlee"]
[Result "1-0"]
[ICCResult "Black resigns"]
[WhiteElo "1600"]
[BlackElo "1701"]
[Opening "Vienna: `Frankenstein-Dracula' variation"]
[ECO "C27"]
[NIC "VG.02"]
[Time "02:34:59"]
[TimeControl "120+12"]

1. e4 e5 2. Nc3 Nf6 3. Bc4 Nxe4 4. Qh5 Nd6 5. Bb3 Nc6 6. Nb5 g6 7. Qf3 f5 8.
Qd5 Qe7 9. Nxc7+ Kd8 10. Nxa8 b6 11. Ba4 Bb7 12. Nxb6 axb6 13. Qb3 Kc7 14.
Ne2 g5 15. Nc3 Qg7 16. Nd5+ {Black resigns} 1-0

[Event "GambitGuide"]
[Site "Internet Chess Club"]
[Date "2014.10.31"]
[Round "1"]
[White "JSBach"]
[Black "Boden"]
[Result "1-0"]
[ICCResult "Black resigns"]
[WhiteElo "1600"]
[BlackElo "1546"]
[Opening "Vienna: `Frankenstein-Dracula' variation"]
[ECO "C27"]
[NIC "VG.02"]
[Time "02:31:37"]
[TimeControl "120+12"]

1. e4 e5 2. Nc3 Nf6 3. Bc4 Nxe4 4. Qh5 Nd6 5. Bb3 Nc6 6. Nb5 g6 7. Qf3 f5 8.
Qd5 Qe7 9. Nxc7+ Kd8 10. Nxa8 b6 11. Ba4 Nb4 12. Qb3 Ne4 13. d3 Nf6 14. Qc4
Qc5 15. Be3 Qxc4 16. dxc4 Bb7 17. Nxb6 axb6 18. Bxb6+ Kc8 19. f3 Bc6 20. Bb3
Na6 21. a4 Kb7 22. a5 Bc5 23. Bxc5 Nxc5 24. Rb1 Ka6 25. Ba2 Kxa5 26. b4+ Ka4
27. bxc5 Ka3 28. Bb3 e4 29. Kf2 exf3 30. Nxf3 Ne4+ 31. Ke3 Nxc5 32. Rhe1
Re8+ 33. Kd4 Rxe1 34. Nxe1 Nxb3+ 35. Rxb3+ Ka4 36. Rh3 g5 37. Rxh7 g4 38.
Ke5 Kb4 39. Kxf5 Kxc4 40. Kxg4 {Black resigns} 1-0

[Event "GambitGuide"]
[Site "Internet Chess Club"]
[Date "2014.10.31"]
[Round "1"]
[White "JSBach"]
[Black "tigerlee"]
[Result "1-0"]
[ICCResult "Black resigns"]
[WhiteElo "1600"]
[BlackElo "1701"]
[Opening "Vienna: `Frankenstein-Dracula' variation"]
[ECO "C27"]
[NIC "VG.02"]
[Time "02:36:11"]
[TimeControl "120+12"]

1. e4 e5 2. Nc3 Nf6 3. Bc4 Nxe4 4. Qh5 Nd6 5. Bb3 Nc6 6. Nb5 g6 7. Qf3 f5 8.
Qd5 Qe7 9. Nxc7+ Kd8 10. Nxa8 b6 11. Ba4 Bb7 12. Nxb6 axb6 13. Qb3 Kc7 14.
Ne2 Ne4 15. d3 Nc5 16. Qa3 Qe6 17. Bb5 Nd4 18. Nxd4 exd4+ 19. Kf1 Bd6 20.
Bc4 Qe7 21. Bd2 Re8 22. Qb4 Nxd3 23. Qxd6+ Qxd6 24. cxd3 Qc6 25. Bf4+ Kc8
26. Rg1 b5 27. Bf7 Qc2 28. Rc1 {Black resigns} 1-0

[Event "GambitGuide"]
[Site "Internet Chess Club"]
[Date "2014.10.31"]
[Round "1"]
[White "JSBach"]
[Black "tigerlee"]
[Result "1-0"]
[ICCResult "Black resigns"]
[WhiteElo "1600"]
[BlackElo "1701"]
[Opening "Vienna: `Frankenstein-Dracula' variation"]
[ECO "C27"]
[NIC "VG.02"]
[Time "02:38:01"]
[TimeControl "120+12"]

1. e4 e5 2. Nc3 Nf6 3. Bc4 Nxe4 4. Qh5 Nd6 5. Bb3 Nc6 6. Nb5 g6 7. Qf3 f5 8.
Qd5 Qe7 9. Nxc7+ Kd8 10. Nxa8 b6 11. Ba4 Bb7 12. Nxb6 axb6 13. Qb3 Kc7 14.
Ne2 Ne4 15. Qb5 Bg7 16. c4 Ra8 17. O-O Ba6 18. Qd5 Nf6 19. Qd3 e4 20. Qc3
Ng4 21. d4 exd3 22. Qxd3 Nge5 23. Bf4 Bxc4 24. Qxc4 d6 25. Bxe5 {Black
resigns} 1-0

[Event "GambitGuide"]
[Site "Internet Chess Club"]
[Date "2014.10.31"]
[Round "1"]
[White "JSBach"]
[Black "Paganini2"]
[Result "0-1"]
[ICCResult "White checkmated"]
[WhiteElo "1597"]
[BlackElo "1459"]
[Opening "Vienna: `Frankenstein-Dracula' variation"]
[ECO "C27"]
[NIC "VG.02"]
[Time "02:34:32"]
[TimeControl "120+12"]

1. e4 e5 2. Nc3 Nf6 3. Bc4 Nxe4 4. Qh5 Nd6 5. Bb3 Nc6 6. Nb5 g6 7. Qf3 f5 8.
Qd5 Qe7 9. Nxc7+ Kd8 10. Nxa8 b6 11. Ba4 Bb7 12. Nxb6 axb6 13. Qb3 e4 14.
Qxb6+ Kc8 15. b3 Bg7 16. c3 Qg5 17. Kf1 f4 18. Ba3 Be5 19. Nh3 Qf5 20. Bxd6
Bxd6 21. Rg1 g5 22. Re1 g4 23. Bxc6 dxc6 24. Qd4 Re8 25. Qxd6 gxh3 26. d4 e3
27. gxh3 Qxh3+ 28. Rg2 f3 29. Qg3 Qxg2+ 30. Qxg2 fxg2+ 31. Kxg2 e2 32. f4
c5+ 33. Kf2 cxd4 34. Rxe2 Rxe2+ 35. Kxe2 dxc3 36. Kd3 c2 37. Kxc2 Kd7 38. a4
Ke6 39. Kd2 Kf5 40. Ke3 h5 41. a5 Ba6 42. b4 h4 43. Kf3 h3 44. Ke3 Bb5 45.
Kf3 Bc6+ 46. Ke3 Bb5 47. Kf3 Bc4 48. Ke3 Bd5 49. a6 Bc4 50. a7 Bd5 51. b5
Bb7 52. b6 Be4 53. Ke2 Kxf4 54. Kf1 Kf3 55. Ke1 Kg2 56. Ke2 Kxh2 57. Ke3 Bb7
58. Kf2 Kh1 59. Kg3 h2 60. Kf2 Ba8 61. Kf1 Bg2+ 62. Kf2 Bc6 63. Kg3 Kg1 64.
b7 Bxb7 65. a8=Q Bxa8 66. Kf4 h1=Q 67. Ke5 Qe4+ 68. Kd6 Qd5+ 69. Ke7 Qe5+
70. Kd8 Qg7 71. Kc8 Bc6 72. Kd8 Qd7# {White checkmated} 0-1

[Event "GambitGuide"]
[Site "Internet Chess Club"]
[Date "2014.10.31"]
[Round "1"]
[White "JSBach"]
[Black "BruceWyman2"]
[Result "1-0"]
[ICCResult "Black resigns"]
[WhiteElo "1597"]
[BlackElo "1285"]
[Opening "Vienna: `Frankenstein-Dracula' variation"]
[ECO "C27"]
[NIC "VG.02"]
[Time "02:38:59"]
[TimeControl "120+12"]

1. e4 e5 2. Nc3 Nf6 3. Bc4 Nxe4 4. Qh5 Nd6 5. Bb3 Nc6 6. Nb5 g6 7. Qf3 f5 8.
Qd5 Qe7 9. Nxc7+ Kd8 10. Nxa8 b6 11. Ba4 Bb7 12. Nxb6 axb6 13. Qb3 Nd4 14.
Qxb6+ Ke8 15. Kf1 Qg5 16. f3 e4 17. Qxd4 {Black resigns} 1-0

[Event "GambitGuide"]
[Site "Internet Chess Club"]
[Date "2014.10.31"]
[Round "1"]
[White "JSBach"]
[Black "TrainingDay"]
[Result "1-0"]
[ICCResult "Black resigns"]
[WhiteElo "1597"]
[BlackElo "2559"]
[Opening "Vienna: `Frankenstein-Dracula' variation"]
[ECO "C27"]
[NIC "VG.02"]
[Time "02:38:47"]
[TimeControl "120+12"]

1. e4 e5 2. Nc3 Nf6 3. Bc4 Nxe4 4. Qh5 Nd6 5. Bb3 Nc6 6. Nb5 g6 7. Qf3 f5 8.
Qd5 Qe7 9. Nxc7+ Kd8 10. Nxa8 b6 11. Ba4 Bb7 12. Nxb6 axb6 13. Qb3 Nc8 14.
Ne2 e4 15. Qd5 Bg7 16. c4 Qb4 17. Qb5 Qd6 18. O-O Be5 19. f4 exf3 20. Rxf3
Bxh2+ 21. Kf1 Re8 22. c5 Qxc5 23. Qxc5 bxc5 24. Rb3 Ba6 25. Re3 Nd4 26. d3
Bxd3 27. Rxd3 Nb6 28. Nxd4 cxd4 29. Bg5+ Kc7 30. Rxd4 Nxa4 31. Rxa4
{Black resigns}
1-0

[Event "GambitGuide"]
[Site "Internet Chess Club"]
[Date "2014.10.31"]
[Round "1"]
[White "JSBach"]
[Black "elmonkey"]
[Result "1-0"]
[ICCResult "Black resigns"]
[WhiteElo "1597"]
[BlackElo "1336"]
[Opening "Vienna: `Frankenstein-Dracula' variation"]
[ECO "C27"]
[NIC "VG.02"]
[Time "02:40:33"]
[TimeControl "120+12"]

1. e4 e5 2. Nc3 Nf6 3. Bc4 Nxe4 4. Qh5 Nd6 5. Bb3 Nc6 6. Nb5 g6 7. Qf3 f5 8.
Qd5 Qe7 9. Nxc7+ Kd8 10. Nxa8 b6 11. Ba4 Bb7 12. Nxb6 axb6 13. Qb3 Kc7 14.
Ne2 Nd4 15. Nxd4 exd4+ 16. Kf1 Ne4 17. d3 Nc5 18. Qc4 Kb8 19. Qxd4 Nxa4 20.
Qxh8 {Black resigns} 1-0

[Event "GambitGuide"]
[Site "Internet Chess Club"]
[Date "2014.10.31"]
[Round "1"]
[White "JSBach"]
[Black "TrainingDay"]
[Result "0-1"]
[ICCResult "White checkmated"]
[WhiteElo "1597"]
[BlackElo "2559"]
[Opening "Vienna: `Frankenstein-Dracula' variation"]
[ECO "C27"]
[NIC "VG.02"]
[Time "02:40:57"]
[TimeControl "120+12"]

1. e4 e5 2. Nc3 Nf6 3. Bc4 Nxe4 4. Qh5 Nd6 5. Bb3 Nc6 6. Nb5 g6 7. Qf3 f5 8.
Qd5 Qe7 9. Nxc7+ Kd8 10. Nxa8 b6 11. Ba4 Bb7 12. Nxb6 axb6 13. Qb3 Kc7 14.
Ne2 Bg7 15. Nc3 Qg5 16. Nd5+ Kb8 17. O-O Nd4 18. Qxb6 Rc8 19. Qxd6+ Ka7 20.
Qxd7 Rd8 21. Qxg7 Rxd5 22. Qxh7 Rd7 23. Qh3 Rh7 24. f4 exf4 25. Kf2 Rxh3 26.
Rg1 Rxh2 27. Kf1 Bxg2+ 28. Ke1 Qg3+ 29. Kd1 Bf3# {White checkmated} 0-1

[Event "GambitGuide"]
[Site "Internet Chess Club"]
[Date "2014.10.31"]
[Round "1"]
[White "JSBach"]
[Black "tigerlee"]
[Result "1-0"]
[ICCResult "Black resigns"]
[WhiteElo "1597"]
[BlackElo "1701"]
[Opening "Vienna: `Frankenstein-Dracula' variation"]
[ECO "C27"]
[NIC "VG.02"]
[Time "02:39:24"]
[TimeControl "120+12"]

1. e4 e5 2. Nc3 Nf6 3. Bc4 Nxe4 4. Qh5 Nd6 5. Bb3 Nc6 6. Nb5 g6 7. Qf3 f5 8.
Qd5 Qe7 9. Nxc7+ Kd8 10. Nxa8 b6 11. Ba4 Bb7 12. Nxb6 axb6 13. Qb3 Kc7 14.
Ne2 Ne4 15. d3 Nc5 16. Qa3 Bg7 17. Bb5 Ra8 18. Qc3 e4 19. d4 Ne6 20. Be3 g5
21. g3 h6 22. O-O Ra5 23. a4 Qd6 24. Qc4 f4 25. Bd2 Ra8 26. d5 f3 27. dxc6
Bxc6 28. Bxc6 dxc6 29. Bb4 Qd7 30. Rfd1 Qc8 31. Nc3 Bxc3 32. Bxc3 Ng7 33.
Qf7+ Kb8 34. Be5+ {Black resigns} 1-0

[Event "GambitGuide"]
[Site "Internet Chess Club"]
[Date "2014.10.31"]
[Round "1"]
[White "JSBach"]
[Black "Paganini2"]
[Result "0-1"]
[ICCResult "White checkmated"]
[WhiteElo "1579"]
[BlackElo "1459"]
[Opening "Vienna: `Frankenstein-Dracula' variation"]
[ECO "C27"]
[NIC "VG.02"]
[Time "02:42:32"]
[TimeControl "120+12"]

1. e4 e5 2. Nc3 Nf6 3. Bc4 Nxe4 4. Qh5 Nd6 5. Bb3 Nc6 6. Nb5 g6 7. Qf3 f5 8.
Qd5 Qe7 9. Nxc7+ Kd8 10. Nxa8 b6 11. Ba4 Bb7 12. Nxb6 axb6 13. Qb3 Kc7 14.
Ne2 Nd4 15. Nxd4 exd4+ 16. Kf1 Bh6 17. Qb4 Re8 18. Qxd6+ Kxd6 19. Bb3 Qe1#
{White checkmated}
0-1

[Event "GambitGuide"]
[Site "Internet Chess Club"]
[Date "2014.10.31"]
[Round "1"]
[White "JSBach"]
[Black "tigerlee"]
[Result "1-0"]
[ICCResult "Black resigns"]
[WhiteElo "1579"]
[BlackElo "1701"]
[Opening "Vienna: `Frankenstein-Dracula' variation"]
[ECO "C27"]
[NIC "VG.02"]
[Time "02:42:22"]
[TimeControl "120+12"]

1. e4 e5 2. Nc3 Nf6 3. Bc4 Nxe4 4. Qh5 Nd6 5. Bb3 Nc6 6. Nb5 g6 7. Qf3 f5 8.
Qd5 Qe7 9. Nxc7+ Kd8 10. Nxa8 b6 11. Ba4 Nd4 12. f4 exf4+ 13. Kd1 Nc6 14.
Bxc6 dxc6 15. Qd4 Bh6 16. Qxh8+ {Black resigns} 1-0

[Event "GambitGuide"]
[Site "Internet Chess Club"]
[Date "2014.10.31"]
[Round "1"]
[White "JSBach"]
[Black "tigerlee"]
[Result "1-0"]
[ICCResult "Black checkmated"]
[WhiteElo "1579"]
[BlackElo "1701"]
[Opening "Vienna: `Frankenstein-Dracula' variation"]
[ECO "C27"]
[NIC "VG.02"]
[Time "02:43:12"]
[TimeControl "120+12"]

1. e4 e5 2. Nc3 Nf6 3. Bc4 Nxe4 4. Qh5 Nd6 5. Bb3 Nc6 6. Nb5 g6 7. Qf3 f5 8.
Qd5 Qe7 9. Nxc7+ Kd8 10. Nxa8 b6 11. Ba4 Nd4 12. f4 b5 13. fxe5 bxa4 14.
Qxd4 Ne4 15. Qxa4 Qc5 16. d4 Qd5 17. Qxa7 Ng3 18. Qb6+ Ke8 19. Nc7+ Ke7 20.
Qf6# {Black checkmated} 1-0

[Event "GambitGuide"]
[Site "Internet Chess Club"]
[Date "2014.10.31"]
[Round "1"]
[White "JSBach"]
[Black "Paganini2"]
[Result "1-0"]
[ICCResult "Black checkmated"]
[WhiteElo "1579"]
[BlackElo "1459"]
[Opening "Vienna: `Frankenstein-Dracula' variation"]
[ECO "C27"]
[NIC "VG.02"]
[Time "02:43:33"]
[TimeControl "120+12"]

1. e4 e5 2. Nc3 Nf6 3. Bc4 Nxe4 4. Qh5 Nd6 5. Bb3 Nc6 6. Nb5 g6 7. Qf3 f5 8.
Qd5 Qe7 9. Nxc7+ Kd8 10. Nxa8 b6 11. Ba4 Bb7 12. Nxb6 axb6 13. Qb3 Nd4 14.
Qxb6+ Kc8 15. Kf1 Nxc2 16. Bxc2 Nc4 17. Qb5 Nd6 18. Qb6 Bh6 19. d4 Bxc1 20.
Qc5+ Bc6 21. Rxc1 exd4 22. Ne2 Kd8 23. Qb6+ Ke8 24. Qb8+ Kf7 25. Qxh8 Bb5
26. Bb3+ Bc4 27. Qxh7+ Kf6 28. Qh4+ g5 29. Qxd4+ Kf7 30. Bxc4+ Nxc4 31.
Qxc4+ d5 32. Qxd5+ Qe6 33. Qxe6+ Kxe6 34. a4 Ke5 35. a5 Ke4 36. a6 f4 37. a7
f3 38. gxf3+ Kxf3 39. Rc4 g4 40. a8=Q# {Black checkmated} 1-0

[Event "GambitGuide"]
[Site "Internet Chess Club"]
[Date "2014.10.31"]
[Round "1"]
[White "JSBach"]
[Black "tigerlee"]
[Result "1-0"]
[ICCResult "Black resigns"]
[WhiteElo "1579"]
[BlackElo "1701"]
[Opening "Vienna: `Frankenstein-Dracula' variation"]
[ECO "C27"]
[NIC "VG.02"]
[Time "02:44:26"]
[TimeControl "120+12"]

1. e4 e5 2. Nc3 Nf6 3. Bc4 Nxe4 4. Qh5 Nd6 5. Bb3 Nc6 6. Nb5 g6 7. Qf3 f5 8.
Qd5 Qe7 9. Nxc7+ Kd8 10. Nxa8 b6 11. Ba4 Bb7 12. Nxb6 Nd4 13. Qa5 Nc6 14.
Bxc6 {Black resigns} 1-0

[Event "GambitGuide"]
[Site "Internet Chess Club"]
[Date "2014.10.31"]
[Round "1"]
[White "JSBach"]
[Black "elmonkey"]
[Result "0-1"]
[ICCResult "White checkmated"]
[WhiteElo "1578"]
[BlackElo "1336"]
[Opening "Vienna: `Frankenstein-Dracula' variation"]
[ECO "C27"]
[NIC "VG.02"]
[Time "02:41:56"]
[TimeControl "120+12"]

1. e4 e5 2. Nc3 Nf6 3. Bc4 Nxe4 4. Qh5 Nd6 5. Bb3 Nc6 6. Nb5 g6 7. Qf3 f5 8.
Qd5 Qe7 9. Nxc7+ Kd8 10. Nxa8 b6 11. Ba4 Bb7 12. Nxb6 axb6 13. Qb3 Kc7 14.
Ne2 Nd4 15. Nxd4 exd4+ 16. Kf1 Bg7 17. d3 Re8 18. Be3 dxe3 19. Re1 f4 20.
Re2 Nf5 21. Qc4+ Kb8 22. Qb5 Qc5 23. Qxd7 Qe7 24. Qxe8+ Qxe8 25. Bxe8 Nd4
26. Re1 Nxc2 27. Re2 Nd4 28. Re1 e2+ 29. Kg1 f3 30. Bc6 Bxc6 31. g3 Bb5 32.
h4 Bxd3 33. Rc1 Nc2 34. Kh2 Bxb2 35. Rxc2 Bxc2 36. a4 Bc3 37. a5 e1=Q 38.
Rxe1 Bxe1 39. axb6 Kb7 40. Kg1 Bd2 41. g4 g5 42. hxg5 Bxg5 43. Kh1 Bb3 44.
Kg1 Be6 45. Kh2 Bxg4 46. Kh1 h5 47. Kg1 Bd2 48. Kf1 h4 49. Kg1 Bc3 50. Kh1
Bd4 51. Kg1 h3 52. Kh1 Bxf2 53. Kh2 Be1 54. Kg1 f2+ 55. Kf1 h2 56. Kg2 h1=Q+
57. Kxh1 f1=Q+ 58. Kh2 Qh3+ 59. Kg1 Qg3+ 60. Kf1 Qf2# {White checkmated} 0-1

[Event "GambitGuide"]
[Site "Internet Chess Club"]
[Date "2014.10.31"]
[Round "1"]
[White "JSBach"]
[Black "kaisar"]
[Result "1-0"]
[ICCResult "Black checkmated"]
[WhiteElo "1578"]
[BlackElo "1311"]
[Opening "Vienna: `Frankenstein-Dracula' variation"]
[ECO "C27"]
[NIC "VG.02"]
[Time "02:36:07"]
[TimeControl "120+12"]

1. e4 e5 2. Nc3 Nf6 3. Bc4 Nxe4 4. Qh5 Nd6 5. Bb3 Nc6 6. Nb5 g6 7. Qf3 f5 8.
Qd5 Qe7 9. Nxc7+ Kd8 10. Nxa8 b6 11. Ba4 Bb7 12. Nxb6 axb6 13. Qb3 b5 14.
Ne2 bxa4 15. Qxa4 Ke8 16. d3 Kf7 17. Qb3+ Kg7 18. Qc3 Qf6 19. Bd2 Be7 20. a4
Rc8 21. f4 e4 22. O-O exd3 23. Qxd3 Ne4 24. Bc3 Bc5+ 25. Kh1 Nxc3 26. Qxd7+
Qe7 27. Qxe7+ Nxe7 28. Nxc3 Bd4 29. Rfe1 Bf6 30. a5 Nd5 31. a6 Ba8 32. Nxd5
Bxd5 33. c3 Ra8 34. Rad1 Bc4 35. Rd7+ Kh6 36. Re3 g5 37. a7 gxf4 38. Rh3+
Kg5 39. Rhxh7 f3 40. gxf3 Kf4 41. Kg2 Ke3 42. Rd6 Be5 43. Re7 Rg8+ 44. Kh1
Kf4 45. Rd2 Bf6 46. Rc7 Bf1 47. Rc6 Be5 48. Rf2 Bb5 49. Rc5 Bd3 50. Rd2 Bf1
51. h4 Ke3 52. Rcd5 Bf4 53. Rd8 Rg3 54. a8=Q Rh3+ 55. Kg1 Rxf3 56. Qa7+ Ke4
57. Qd4# {Black checkmated} 1-0

[Event "GambitGuide"]
[Site "Internet Chess Club"]
[Date "2014.10.31"]
[Round "1"]
[White "JSBach"]
[Black "tigerlee"]
[Result "0-1"]
[ICCResult "White checkmated"]
[WhiteElo "1578"]
[BlackElo "1701"]
[Opening "Vienna: `Frankenstein-Dracula' variation"]
[ECO "C27"]
[NIC "VG.02"]
[Time "02:44:56"]
[TimeControl "120+12"]

1. e4 e5 2. Nc3 Nf6 3. Bc4 Nxe4 4. Qh5 Nd6 5. Bb3 Nc6 6. Nb5 g6 7. Qf3 f5 8.
Qd5 Qe7 9. Nxc7+ Kd8 10. Nxa8 b6 11. Ba4 Bb7 12. Nxb6 axb6 13. Qb3 Kc7 14.
Ne2 Nd4 15. Nxd4 exd4+ 16. Kf1 Bg7 17. d3 Re8 18. Be3 dxe3 19. Re1 e2+ 20.
Kg1 Qg5 21. g3 Qh5 22. Qb4 Qf3 23. Bc6 Bxc6 24. Qe4 fxe4 25. d4 e3 26. d5
Qxf2# {White checkmated} 0-1

[Event "GambitGuide"]
[Site "Internet Chess Club"]
[Date "2014.10.31"]
[Round "1"]
[White "JSBach"]
[Black "Boden"]
[Result "1-0"]
[ICCResult "Black resigns"]
[WhiteElo "1578"]
[BlackElo "1546"]
[Opening "Vienna: `Frankenstein-Dracula' variation"]
[ECO "C27"]
[NIC "VG.02"]
[Time "02:37:25"]
[TimeControl "120+12"]

1. e4 e5 2. Nc3 Nf6 3. Bc4 Nxe4 4. Qh5 Nd6 5. Bb3 Nc6 6. Nb5 g6 7. Qf3 f5 8.
Qd5 Qe7 9. Nxc7+ Kd8 10. Nxa8 b6 11. Ba4 Bb7 12. Nxb6 axb6 13. Qb3 Kc7 14.
Ne2 Bg7 15. Nc3 Na5 16. Nd5+ Bxd5 17. Qxd5 Re8 18. b4 Nc6 19. c3 Qe6 20. Qd3
Qc4 21. Qxc4 Nxc4 22. d3 Nd6 23. Bb3 Re7 24. Bg5 Re8 25. O-O-O h6 26. Bd2 g5
27. Rhe1 f4 28. a4 Nf5 29. d4 e4 30. Bf7 Re7 31. Bg6 e3 32. Bxf5 exd2+ 33.
Kxd2 Rf7 34. Bg6 Rf6 35. Be4 Na7 36. a5 bxa5 37. bxa5 Rd6 38. Rb1 Nc6 39. a6
Nxd4 40. Rb7+ Kc8 41. cxd4 Rxa6 42. Rc1+ Kd8 43. Rcc7 Rd6 44. d5 Be5 45. Rc4
Ra6 46. Bf5 Ra2+ 47. Rc2 Rxc2+ 48. Kxc2 d6 49. Rh7 h5 50. Rxh5 Bf6 51. Rh7
Ke8 52. Rd7 Be5 53. h3 Kf8 54. Be6 Ke8 55. Kc1 Kf8 56. Rf7+ Ke8 57. Rf5 Ke7
58. Rxg5 Kf6 59. h4 Bd4 60. Rf5+ Kg6 61. Rxf4 Kh5 62. Rxd4 {Black resigns}
1-0

[Event "GambitGuide"]
[Site "Internet Chess Club"]
[Date "2014.10.31"]
[Round "1"]
[White "JSBach"]
[Black "kaisar"]
[Result "1-0"]
[ICCResult "Black resigns"]
[WhiteElo "1578"]
[BlackElo "1311"]
[Opening "Vienna: `Frankenstein-Dracula' variation"]
[ECO "C27"]
[NIC "VG.02"]
[Time "02:45:35"]
[TimeControl "120+12"]

1. e4 e5 2. Nc3 Nf6 3. Bc4 Nxe4 4. Qh5 Nd6 5. Bb3 Nc6 6. Nb5 g6 7. Qf3 f5 8.
Qd5 Qe7 9. Nxc7+ Kd8 10. Nxa8 b6 11. Ba4 Bb7 12. Nxb6 axb6 13. Qb3 b5 14.
Nf3 bxa4 15. Qxa4 e4 16. Nd4 Nxd4 17. Qxd4 Bg7 18. Qc5 Nc8 19. Qb5 Bc6 20.
Qa6 Qc5 21. c3 Be5 22. b4 Qa7 23. Qxa7 Nxa7 24. a4 Kc8 25. b5 Bd5 26. b6 Nc6
27. a5 Kb7 28. Ra4 Ra8 29. c4 Be6 30. d4 Nxd4 31. Bb2 Nc2+ 32. Kd2 Bxb2 33.
Kxc2 Bd4 34. Kb3 Bc5 35. Ra2 d5 36. Rb1 dxc4+ 37. Kc3 f4 38. Rb5 Bd6 39. Re2
Bd7 40. Rd5 Kc6 41. Red2 Bc5 42. Rxd7 Rxa5 43. Rxh7 e3 44. fxe3 fxe3 45. Re2
Kxb6 46. Rg7 Kb5 47. Rb2+ Kc6 48. Rxg6+ Kd5 49. Rg5+ Ke4 50. Kxc4 Bb4 51.
Rg4+ Kf5 52. Kxb4 Kxg4 53. Kxa5 Kf4 54. h4 Kg3 55. h5 {Black resigns} 1-0

[Event "GambitGuide"]
[Site "Internet Chess Club"]
[Date "2014.10.31"]
[Round "1"]
[White "JSBach"]
[Black "Boden"]
[Result "1-0"]
[ICCResult "Black resigns"]
[WhiteElo "1578"]
[BlackElo "1546"]
[Opening "Vienna: `Frankenstein-Dracula' variation"]
[ECO "C27"]
[NIC "VG.02"]
[Time "02:47:22"]
[TimeControl "120+12"]

1. e4 e5 2. Nc3 Nf6 3. Bc4 Nxe4 4. Qh5 Nd6 5. Bb3 Nc6 6. Nb5 g6 7. Qf3 f5 8.
Qd5 Qe7 9. Nxc7+ Kd8 10. Nxa8 b6 11. Ba4 Bb7 12. Nxb6 axb6 13. Qb3 Kc7 14.
Ne2 Bg7 15. Nc3 Nd4 16. Nd5+ Bxd5 17. Qxd5 Nc6 18. c3 Re8 19. Bb3 e4 20. O-O
Na5 21. f3 Nxb3 22. axb3 Rb8 23. Re1 Rb7 24. d3 Bf6 25. fxe4 fxe4 26. Bf4
Qe6 27. Bxd6+ Qxd6 28. Qxe4 Qc5+ 29. d4 Qb5 30. Qf4+ Kc8 31. Ra8+
{Black resigns}
1-0

[Event "GambitGuide"]
[Site "Internet Chess Club"]
[Date "2014.10.31"]
[Round "1"]
[White "JSBach"]
[Black "Rags"]
[Result "1-0"]
[ICCResult "Black resigns"]
[WhiteElo "1578"]
[BlackElo "1352"]
[Opening "Vienna: `Frankenstein-Dracula' variation"]
[ECO "C27"]
[NIC "VG.02"]
[Time "02:51:46"]
[TimeControl "120+12"]

1. e4 e5 2. Nc3 Nf6 3. Bc4 Nxe4 4. Qh5 Nd6 5. Bb3 Nc6 6. Nb5 g6 7. Qf3 f5 8.
Qd5 Qe7 9. Nxc7+ Kd8 10. Nxa8 b6 11. Ba4 b5 12. Bxb5 Nxb5 13. Qxb5 Qc5 14.
Qxc5 Bxc5 15. d3 Bb7 16. d4 Bxd4 17. c3 Bc5 18. b4 Bd6 19. b5 Ne7 20. f3
Bxa8 21. Be3 Kc7 22. Bxa7 Rb8 23. Bxb8+ Kxb8 24. a4 {Black resigns} 1-0

[Event "GambitGuide"]
[Site "Internet Chess Club"]
[Date "2014.10.31"]
[Round "1"]
[White "JSBach"]
[Black "luuttu"]
[Result "1-0"]
[ICCResult "Black resigns"]
[WhiteElo "1578"]
[BlackElo "1555"]
[Opening "Vienna: `Frankenstein-Dracula' variation"]
[ECO "C27"]
[NIC "VG.02"]
[Time "02:53:15"]
[TimeControl "120+12"]

1. e4 e5 2. Nc3 Nf6 3. Bc4 Nxe4 4. Qh5 Nd6 5. Bb3 Nc6 6. Nb5 g6 7. Qf3 f5 8.
Qd5 Qe7 9. Nxc7+ Kd8 10. Nxa8 b6 11. Ba4 Nb4 12. Qb3 Ne4 13. a3 {Black
resigns} 1-0